 Dungeon Crawl Stone Soup version 0.31-a0-986-g5e6e4ef867 (webtiles) character file.

Game seed: 15119688818472753361

466 Persephone the Spear-Bearer (level 7, -3/52 HPs)
             Began as a Merfolk Fighter on Nov 6, 2023.
             Slain by Pikel
             ... wielding a +0 whip of freezing
              (10 damage)
             ... while paralysed by Grinder
             ... on level 4 of the Dungeon.
             The game lasted 00:03:21 (2216 turns).

Persephone the Spear-Bearer (Merfolk Fighter)       Turns: 2216, Time: 00:03:22

Health: -3/52      AC:  6    Str: 18    XL:     7   Next: 8%
Magic:  7/7        EV:  2    Int:  7    God:
Gold:   194        SH:  0    Dex: 14    Spells: 6/6 levels left

rFire   . . .        a - +0 trident
rCold   . . .        c - +0 buckler
rNeg    . . .        b - +0 scale mail
rPois   .            (no helmet)
rElec   .            (no cloak)
rCorr   .            (no gloves)
SInv    .            (no boots)
Will    .....        (no amulet) Stlth
                     (no ring)
HPRegen 0.28/turn    (no ring)
MPRegen 0.10/turn

%: no passive effects
@: paralysed
A: (nimble swimmer 2), mertail
a: no special abilities


You were on level 4 of the Dungeon.
You visited 1 branch of the dungeon, and saw 4 of its levels.

You collected 194 gold pieces.

Inventory:

Hand Weapons
 a - a +0 trident (weapon)
Armour
 b - a +0 scale mail (worn)
 c - a +0 buckler (worn)
Wands
 r - a wand of paralysis (18)
Scrolls
 i - 2 scrolls of identify {unknown}
 j - 5 scrolls of teleportation {unknown}
 k - a scroll of blinking {unknown}
 l - a scroll of fear {unknown}
 m - a scroll of poison {unknown}
 o - a scroll of noise {unknown}
 p - a scroll of fog {unknown}
 q - a scroll of revelation {unknown}
Potions
 d - a potion of heal wounds
 e - a potion of brilliance {unknown}
 f - a potion of berserk rage {unknown}
 g - 4 potions of curing {unknown}
 h - a potion of enlightenment {unknown}
 n - a potion of ambrosia {unknown}


   Skills:
 - Level 3.2 Fighting
 + Level 9.8 Polearms
 - Level 2.1 Armour
 - Level 3.0 Shields


You had 6 spell levels left.
You didn't know any spells.
Your spell library was empty.

Dungeon Overview and Level Annotations

Branches:
Dungeon (4/15)
 Temple: D:4-7

Altars:
Fedhas
Gozag
Ru
Vehumet
Wu Jian
Xom

Annotations:
D:4 Grinder, Pikel


Innate Abilities, Weirdness & Mutations

((You are very nimble when in or above water. (Stealth+, EV+, Speed+++)))
Your lower body shifts to a powerful aquatic tail in water.


Message History

Pikel, Merchant of Souls comes into view.
He is wielding a +0 whip of freezing.
The lemure barely misses you.
You hit the lemure but do no damage.
The lemure is heavily wounded.
The lemure barely misses you.
You puncture the lemure!
The lemure is severely wounded.
Grinder blinks!
The lemure hits you!
You closely miss the lemure.
The lemure is severely wounded.
The lemure closely misses you.
You barely miss the lemure.
The lemure is severely wounded.
The lemure hits you.
You hit the lemure but do no damage.
The lemure is severely wounded.
You puncture the lemure!
You kill the lemure!
That felt strangely unrewarding.
You closely miss Pikel.
Pikel hits you with a +0 whip of freezing.
Pikel freezes you. Grinder completely misses you.
You closely miss Pikel. You block Pikel's attack. Grinder gestures at you.
You suddenly lose the ability to move!
Pikel hits you with a +0 whip of freezing.
Pikel freezes you. Grinder hits you.
You writhe in agony.
Pikel hits you with a +0 whip of freezing.
Pikel freezes you. Grinder hits you!
* * * LOW HITPOINT WARNING * * *
You writhe in agony.
* * * LOW HITPOINT WARNING * * *
Grinder hits you but does no damage.
Pikel hits you with a +0 whip of freezing.
* * * LOW HITPOINT WARNING * * *
Pikel freezes you.
* * * LOW HITPOINT WARNING * * *
Pikel hits you with a +0 whip of freezing!
You die...
Pikel says, "See you in Hell!"

#####...#####........#
#...# #.###...## #...#
#.# #...# #...# #.#
....# #... #)##.#.## #
.. #.......# ##.
#.......# #..
##..######.#.##.# #.
......5@K5.#... ##..
...?#####5.# #.# ....
# #..# ... #.. #....
.## #.# .5.... #.)
..5##.# #.# ..... .# #
..... #


You could see Pikel, Grinder and 2 lemures.

Vanquished Creatures
  Sigmund (D:2)
  2 lemures (D:4)
  2 orc priests (D:4)
  Jessica (D:2)
  2 sleepcaps (D:4)
  Ijyb (D:4)
  2 orc wizards (D:4)
  Terence (D:2)
  2 adders
  A dart slug (D:2)
  4 orcs (D:4)
  6 endoplasms
  3 goblins
  4 hobgoblins
  4 jackals (D:1)
  6 kobolds
  3 quokkas
  4 ball pythons
  3 bats
  3 frilled lizards (D:1)
  3 rats
58 creatures vanquished.

Notes
Turn   | Place    | Note
-------+----------+-------------------------------------------
     0 | D:1      | Persephone the Merfolk Fighter began the quest for the Orb.
     0 | D:1      | Reached XP level 1. HP: 18/18 MP: 1/1
    30 | D:1      | Reached skill level 3 in Polearms
    99 | D:1      | Reached XP level 2. HP: 24/24 MP: 2/2
   172 | D:1      | Reached skill level 4 in Polearms
   498 | D:2      | Reached XP level 3. HP: 29/29 MP: 3/3
   623 | D:2      | Noticed Jessica
   629 | D:2      | Killed Jessica
   630 | D:2      | Reached skill level 5 in Polearms
   637 | D:2      | Reached XP level 4. HP: 35/35 MP: 4/4
   870 | D:2      | Noticed Terence
   881 | D:2      | Killed Terence
   882 | D:2      | Reached skill level 6 in Polearms
   994 | D:2      | Noticed Sigmund
  1018 | D:2      | Killed Sigmund
  1019 | D:2      | Reached skill level 8 in Polearms
  1019 | D:2      | Reached XP level 5. HP: 5/41 MP: 5/5
  1019 | D:2      | Reached XP level 6. HP: 5/47 MP: 6/6
  1263 | D:3      | Found a sacrificial altar of Ru.
  1360 | D:3      | Found an ornate altar of the Wu Jian Council.
  1360 | D:3      | Found a blossoming altar of Fedhas.
  1369 | D:3      | Found a radiant altar of Vehumet.
  1372 | D:3      | Found a shimmering altar of Xom.
  1375 | D:3      | Found a faded altar of an unknown god.
  1765 | D:4      | Reached skill level 9 in Polearms
  1870 | D:4      | Found an opulent altar of Gozag.
  1873 | D:4      | Noticed Ijyb
  1880 | D:4      | Paralysed by Ijyb for 3 turns
  1889 | D:4      | Killed Ijyb
  1929 | D:4      | HP: 2/47 [goblin/+0 club (2)]
  2142 | D:4      | Reached XP level 7. HP: 52/52 MP: 7/7
  2164 | D:4      | Paralysed by a kobold for 5 turns
  2180 | D:4      | Noticed Grinder
  2204 | D:4      | Noticed Pikel
  2212 | D:4      | Paralysed by Grinder for 4 turns
  2216 | D:4      | Slain by Pikel

Illustrated notes

Levels and vault maps discovered:
D:1:      spicycebolla_arrival_clurvy, layout_basic
D:2:      layout_basic, uniq_sigmund, uniq_jessica, uniq_terence
D:3:      kb_forest_paths, layout_rooms, nicolae_ru_sacrificial_ziggurat,
          chequers_temple_overflow_minitemple
D:4:      layout_loops_cross, mainiacjoe_overflow_concentric_impassable,
          minmay_temple_entry_nine_rooms, uniq_pikel, uniq_grinder, uniq_ijyb

Skill      XL: |  1  2  3  4  5  6 |
---------------+-------------------+-----
Polearms       | 3 4 5 8 9 |  9.8
Fighting       | |  3.2
Armour         | |  2.1
Shields        | |  3.0

Action                     |  1- 3 |  4- 6 |  7- 9 || total
---------------------------+-------+-------+-------++-------
  Melee: Trident           |    71 |   160 |    35 ||   266
    Use: Potion            |       |     2 |       ||     2
 Armour: Scale mail        |    36 |   123 |    19 ||   178
  Dodge: Dodged            |    32 |    55 |    11 ||    98
  Block: Buckler           |    13 |    33 |     4 ||    50

Table legend: (Time is in decaauts)
 A = Elapsed time spent in this place.
 B = Non-inter-level travel time spent in this place.
 C = Inter-level travel time spent in this place.
 D = Time resting spent in this place.
 E = Time spent auto-exploring this place.
 F = Levels seen in this place.
 G = Mean time per level.
                   A        B        C        D        E       F      G
               +--------+--------+--------+--------+--------+-----+--------+
         Total |   2207 |   2058 |    149 |      0 |   1600 |   4 |  551.8 |
       Dungeon |   2207 |   2058 |    149 |      0 |   1600 |   4 |  551.8 |
               +--------+--------+--------+--------+--------+-----+--------+

Top non-repeatable levels by time:
     D:2: 772 daAuts
     D:4: 582 daAuts
     D:1: 481 daAuts
     D:3: 371 daAuts
